 Dungeon Crawl Stone Soup version 0.31-a0-1388-g4b2ba238e7 (webtiles) character file.

Game seed: 13852045514035369749

177 MisterAzrael the Shield-Bearer (level 5, 0/41 HPs)
             Began as a Formicid Fighter on Dec 24, 2023.
             Slain by an orc
             ... wielding a +0 dagger
              (4 damage)
             ... on level 4 of the Dungeon.
             The game lasted 00:02:24 (2419 turns).

MisterAzrael the Shield-Bearer (Formicid Fighter)   Turns: 2419, Time: 00:02:24

Health: 0/41       AC:  6    Str: 23    XL:     5   Next: 87%
Magic:  5/5        EV:  6    Int:  7    God:
Gold:   180        SH:  5    Dex: 13    Spells: 4/4 levels left

rFire   . . .        a - +0 war axe
rCold   . . .        c - +0 buckler
rNeg    . . .        b - +0 scale mail
rPois   .            (helmet unavailable)
rElec   .            (no cloak)
rCorr   .            (no gloves)
SInv    +            (no boots)
Will    .....        (no amulet) Stlth
                     (no ring)
HPRegen 0.26/turn    (no ring)
MPRegen 0.09/turn

%: no passive effects
@: mighty, constricted
A: permanent stasis, dig shafts and tunnels, antennae 3, four strong arms
a: Dig, Shaft Self


You were on level 4 of the Dungeon.
You visited 1 branch of the dungeon, and saw 4 of its levels.

You collected 180 gold pieces.

Inventory:

Hand Weapons
 a - a +0 war axe (weapon)
Missiles
 j - 4 poisoned darts
Armour
 b - a +0 scale mail (worn)
 c - a +0 buckler (worn)
Scrolls
 e - 2 scrolls of acquirement {unknown}
 g - a scroll of revelation {unknown}
 h - a scroll of immolation {unknown}
 i - 2 scrolls of teleportation {unknown}
 k - a scroll of identify {unknown}
 l - a scroll of amnesia {unknown}
 m - 3 scrolls of fear {unknown}
Potions
 f - 3 potions of enlightenment {unknown}
 n - a potion of curing {unknown}
 o - a potion of lignification {unknown}


   Skills:
 - Level 3.2 Fighting
 + Level 3.6 Axes
 - Level 3.2 Armour
 * Level 6.9 Shields


You had 4 spell levels left.
You didn't know any spells.
Your spell library contained the following spells:

 Spells                   Type           Power      Damage    Failure   Level
 Apportation              Tloc           0%         N/A       80%         1
 Necrotise                Necr           0%         1d4       80%         1
 Sting                    Conj/Alch      0%         1d3       80%         1
 Summon Small Mammal      Summ           0%         N/A       80%         1
 Frozen Ramparts          Ice            0%         1d1       99%         3
 Volatile Blastmotes      Fire/Tloc      0%         2d10      99%         3
 Fulminant Prism          Conj/Alch      0%         3d5       100%        4
 Iskenderun's Mystic Bla  Conj/Tloc      0%         2d3       100%        4
 Leda's Liquefaction      Alch/Erth      0%         N/A       100%        4
 Petrify                  Alch/Erth      0%         N/A       100%        4
 Metabolic Englaciation   Hex/Ice        0%         N/A       100%        5


Dungeon Overview and Level Annotations

Branches:
Dungeon (4/15)
 Temple: D:4-7

Altars:
Trog

Annotations:
D:4 Ijyb


Innate Abilities, Weirdness & Mutations

You cannot be hasted, slowed, berserked, paralysed or teleported.
You can dig through walls and to a lower floor.
You have a pair of large antennae on your head. (SInv)
Your four strong arms can wield two-handed weapons with a shield.


Message History

There is a stone staircase leading down here.
You climb downwards.
The ogre shouts!
The ball python hisses angrily.
You hear a shout! x2
You hear an angry hiss.
You sense a monster nearby.
Found a ring mail.
There is a stone staircase leading up here.
There are monsters nearby!
There are monsters nearby!
Found a black potion.
Ijyb the Twisted Goblin comes into view.
She is wielding a +4 club and carrying a wand of mindburst.
An orc comes into view. It is wielding a +0 dagger.
The ball python barely misses you. The ball python grabs you.
The ball python constricts you.
You feel very mighty all of a sudden.
The ball python bites you but does no damage.
The ball python constricts you.
Ijyb zaps a wand.
Your mind is blasted!
An iguana comes into view.
You escape the ball python's grasp.
An orc comes into view. It is wielding a +0 hand axe.
The orc shouts!
The ball python attacks as it pursues you!
The ball python barely misses you. You block the ball python's attack.
An orc comes into view. It is wielding a +0 mace.
Ijyb zaps a wand.
Your mind is blasted!
The iguana hisses menacingly.
The orc shouts!
The ball python attacks as it pursues you!
The ball python bites you but does no damage.
The ball python grabs you. The ball python constricts you.
There is a stone staircase leading up here.
The ball python's grasp on you weakens, but your attempt to escape fails.
The ogre hits you with a +0 giant club! The ball python bites you.
The ball python constricts you.
Ijyb zaps a wand.
You struggle to resist.
You escape the ball python's grasp.
The ball python bites you. The ball python grabs you.
You stop ascending the stairs.
The ball python constricts you. The ogre hits you with a +0 giant club!
* * * LOW HITPOINT WARNING * * *
The orc hits you with a +0 dagger.
You die...

........#
[......o.{ ##.
.......o## .#..
.........##....
....l..........
.............
#.oO.......
..!##..@..# .
#......S..#....
.....##.....g..
.... #..####...
##. #..# .# #
...# # ....#
.##.## #. #.


You could see an ogre, Ijyb, an iguana, 3 orcs and a ball python.

Vanquished Creatures
  2 bombardier beetles (D:3)
  4 adders
  A dart slug (D:1)
  5 orcs
  6 endoplasms
  2 giant cockroaches
  11 goblins
  6 hobgoblins
  4 jackals (D:2)
  2 quokkas
  2 ball pythons
  6 bats
  7 kobolds
  5 rats
63 creatures vanquished.

Notes
Turn   | Place    | Note
-------+----------+-------------------------------------------
     0 | D:1      | MisterAzrael the Formicid Fighter began the quest for the
                  | Orb.
     0 | D:1      | Reached XP level 1. HP: 18/18 MP: 1/1
    38 | D:1      | Reached XP level 2. HP: 17/24 MP: 2/2
   313 | D:1      | Reached XP level 3. HP: 23/29 MP: 3/3
   560 | D:2      | Reached skill level 5 in Shields
  1115 | D:2      | Reached XP level 4. HP: 35/35 MP: 4/4
  1475 | D:3      | Reached skill level 6 in Shields
  1504 | D:3      | Reached XP level 5. HP: 39/41 MP: 5/5
  1739 | D:3      | Found a bloodstained altar of Trog.
  2412 | D:4      | Noticed an ogre
  2413 | D:4      | Noticed Ijyb
  2419 | D:4      | Slain by an orc

Illustrated notes

Levels and vault maps discovered:
D:1:      erik_arrival_triangle_huge, layout_rooms, amcnicky_mini_pool_small
D:2:      mumra_celtic_spiral_tile, layout_basic, kennysheep_generic_room_6
D:3:      layout_basic, lightli_temple_of_fire, minmay_misc_feat_tiny
D:4:      layout_cave_pools, pdpol_wu_jian_five_deadly_venoms, serial_shops,
          shop, hangedman_abyss_or_decor_stabs, hex_large, minmay_bent,
          uniq_ijyb

Skill      XL: |  1  2  3  4 |
---------------+-------------+-----
Shields        | 5 6 |  6.9
Axes           | 3 |  3.6
Fighting       | |  3.2
Armour         | |  3.2

Action                     |  1- 3 |  4- 6 || total
---------------------------+-------+-------++-------
  Melee: War axe           |    58 |   108 ||   166
    Use: Potion            |       |     1 ||     1
 Armour: Scale mail        |    33 |    84 ||   117
  Dodge: Dodged            |    25 |    52 ||    77
  Block: Buckler           |    20 |    38 ||    58

Table legend: (Time is in decaauts)
 A = Elapsed time spent in this place.
 B = Non-inter-level travel time spent in this place.
 C = Inter-level travel time spent in this place.
 D = Time resting spent in this place.
 E = Time spent auto-exploring this place.
 F = Levels seen in this place.
 G = Mean time per level.
                   A        B        C        D        E       F      G
               +--------+--------+--------+--------+--------+-----+--------+
         Total |   2480 |   2425 |     55 |    131 |   1860 |   4 |  620.0 |
       Dungeon |   2480 |   2425 |     55 |    131 |   1860 |   4 |  620.0 |
               +--------+--------+--------+--------+--------+-----+--------+

Top non-repeatable levels by time:
     D:3: 980 daAuts
     D:2: 924 daAuts
     D:1: 568 daAuts
     D:4: 6 daAuts
